 Dungeon Crawl Stone Soup version 0.21.1-1-g345015fe64 (webtiles) character file.

3819 Carigen the Vandal (level 9, 0/81 HPs)
             Began as a Deep Dwarf Berserker on July 13, 2018.
             Was a Priest of Trog.
             Slain by a soul eater (13 damage)
             ... on level 1 of the Abyss on July 14, 2018.
             The game lasted 02:17:05 (8962 turns).

Carigen the Vandal (Deep Dwarf Berserker)           Turns: 8962, Time: 02:17:05

Health: 0/81       AC: 15    Str: 23    XL:     9   Next: 97%
Magic:  9/9        EV:  6    Int:  7    God:    Trog [***...]
Gold:   534        SH:  3    Dex: 12    Spells: 8/8 levels left

rFire    . . .     SeeInvis .   m - +2 trident (protect)
rCold    . . .     Gourm    .   f - +0 buckler
rNeg     + . .     Faith    .   i - +0 plate armour
rPois    .         Spirit   .   (no helmet)
rElec    .         Reflect  .   k - +2 cloak
rCorr    .         Harm     .   o - +0 pair of gloves
MR       +....                  (no boots)
Stlth    ..........             (no amulet)
HPRegen  0.00/turn              g - ring of magical power {Ring Mocy xd}
MPRegen  0.11/turn              l - ring of positive energy

@: berserk cooldown, non-regenerating, slowed, heavily drained, very slow
A: damage resistance, heal wounds, blurry vision 1, clumsy 1, mutation
resistance 1, sense surroundings 2, [subdued magic 2], no regeneration
a: Heal Wounds, Berserk, Trog's Hand, Burn Spellbooks, Renounce Religion


You were on level 1 of the Abyss.
You worshipped Trog.
Trog was most pleased with you.
You were not hungry.

You visited 1 branch of the dungeon, and saw 8 of its levels.
You visited the Abyss 1 time.

You collected 534 gold pieces.

Inventory:

Hand Weapons
 a - a +0 war axe
 m - a +2 trident of protection (weapon)
 t - a +0 hand axe of freezing
 w - a +0 hunting sling
Missiles
 e - 309 stones
 n - 2 tomahawks of returning (quivered)
 v - 18 sling bullets
Armour
 f - a +0 buckler (worn)
 i - a +0 plate armour (worn)
 k - a +2 cloak (worn)
 o - a +0 pair of gloves (worn)
Jewellery
 g - a ring of magical power (left hand) {Ring Mocy xd}
 l - a ring of positive energy (right hand)
 r - a cursed ring of teleportation
Scrolls
 b - a scroll of teleportation
 h - a scroll of remove curse
 p - a scroll of magic mapping {unknown}
 u - a scroll of amnesia
Potions
 j - a potion of heal wounds
 s - 2 potions of magic
Comestibles
 c - 16 rations


   Skills:
 + Level 5.4(2.7) Fighting
 + Level 5.4(4.3) Axes
   Level 6.1(4.0) Maces & Flails
 + Level 2.2(1.0) Polearms
 * Level 7.6(4.8) Slings
 - Level 1.4(1.6) Throwing
 + Level 6.2(3.4) Armour
 + Level 3.4(0.8) Dodging
 + Level 5.6(2.9) Stealth
 + Level 2.5(0.0) Shields


You had 8 spell levels left.
You didn't know any spells.

Dungeon Overview and Level Annotations

Branches:
Dungeon (8/15)             Temple (0/1) D:5
   Lair: D:8-11

Altars:
Ashenzari
Dithmenos
Elyvilon
Kikubaaqudgha
Trog

Annotations:
D:5 2 transporters


Innate Abilities, Weirdness & Mutations

You are resistant to damage.
You can heal yourself by infusing magical energy.
You passively map the area around you.
You do not regenerate.
Scrolls take you a little longer to read.
You are clumsy. (Dex -2)
You are somewhat resistant to further mutation.
[Your spells are easier to cast, but less powerful.]


Message History

You hit the soul eater but do no damage.
Your weapon exudes an aura of protection.
The soul eater is severely wounded.
The soul eater draws from the surrounding life force!
The soul eater is healed.
You barely miss the soul eater.
The soul eater is heavily wounded.
The soul eater draws from the surrounding life force!
The soul eater is healed.
The soul eater hits you!
* * * LOW HITPOINT WARNING * * *
You partially resist.
You feel drained.
You hit the soul eater but do no damage.
Your weapon exudes an aura of protection.
The soul eater is heavily wounded.
The soul eater hits you but does no damage. x2
You cannot see a spellbook to ignite!
You closely miss the soul eater.
The soul eater is heavily wounded.
The soul eater hits you!
You die...

. . # ..
. .#
###. # #
### .
..## #
....# #
#.###. #
#
###3...#
#.@# #
#.#.## #
#.. #..#
. ###
#....#
.##.# .
. . # ##


You could see a soul eater.

Vanquished Creatures
  Pikel (D:8)
  The ghost of Htamos the Shield-Bearer, a novice FoFi (D:3)
  2 orc warriors
  3 slaves (D:8)
  A black bear (D:7)
  2 sky beasts (D:7)
  8 ogres
  2 centaurs
  5 bullfrogs
  A wyvern skeleton (D:7)
  A scorpion (D:8)
  2 howler monkeys (D:6)
  A crimson imp (D:5)
  A centaur zombie (D:5)
  2 hounds
  2 jellies
  6 orc priests
  8 orc wizards
  A bullfrog skeleton (D:8)
  5 iguanas
  Natasha (thrice) (D:2)
  5 worker ants
  A killer bee zombie (D:7)
  A hound zombie (D:6)
  2 hound skeletons
  4 gnolls (D:2)
  3 adders
  A shadow imp (D:7)
  3 oozes
  An adder skeleton (D:8)
  3 worms (D:3)
  3 dart slugs
  5 leopard geckos
  21 orcs
  6 bats
  11 giant cockroaches
  10 goblins
  8 hobgoblins
  11 jackals
  3 quokkas
  5 ball pythons
  5 frilled lizards
  12 kobolds
  6 rats
188 creatures vanquished.

Vanquished Creatures (collateral kills)
  A big kobold (D:8)
  A kobold (D:8)
2 creatures vanquished.

Vanquished Creatures (others)
  A slave (D:8)
  An orc wizard (D:7)
2 creatures vanquished.

Grand Total: 192 creatures vanquished

Notes
Turn   | Place    | Note
-------+----------+-------------------------------------------
     0 | D:1      | Carigen the Deep Dwarf Berserker began the quest for the Orb.
     0 | D:1      | Reached XP level 1. HP: 20/20 MP: 1/1
   176 | D:1      | Reached XP level 2. HP: 28/28 MP: 2/2
   869 | D:2      | Reached ** piety under Trog
   869 | D:2      | Reached XP level 3. HP: 32/34 MP: 3/3
   959 | D:2      | HP: 1/34 [gnoll/spear (4)]
   963 | D:2      | Reached XP level 4. HP: 31/42 MP: 4/4
  1414 | D:2      | Noticed Natasha
  1423 | D:2      | Killed Natasha
  1423 | D:2      | Reached skill level 1 in Throwing
  1520 | D:2      | Noticed Natasha
  1540 | D:2      | Killed Natasha
  1540 | D:2      | Reached XP level 5. HP: 31/49 MP: 4/4
  1592 | D:2      | Noticed Natasha
  1599 | D:2      | Killed Natasha
  2268 | D:3      | Noticed an ogre
  2400 | D:3      | Killed an ogre
  2400 | D:3      | Reached skill level 1 in Slings
  2400 | D:3      | Reached XP level 6. HP: 56/56 MP: 5/5
  2419 | D:3      | Noticed Htamos's ghost (novice FoFi)
  2788 | D:3      | Gained mutation: Your skin changes colour to match your surroundings (Stealth+). [potion of mutation]
  2788 | D:3      | Gained mutation: Your mind is acute. (Int +2) [potion of mutation]
  2788 | D:3      | Lost mutation: Your skin changes colour to match your surroundings (Stealth+). [potion of mutation]
  2788 | D:3      | Gained mutation: Your mind is very acute. (Int +4) [potion of mutation]
  2815 | D:3      | Killed Htamos's ghost
  2815 | D:3      | Reached skill level 5 in Maces & Flails
  2815 | D:3      | Reached skill level 3 in Slings
  2815 | D:3      | Reached XP level 7. HP: 53/63 MP: 6/6
  2943 | D:3      | Found a faded altar of an unknown god.
  3365 | D:4      | Reached skill level 1 in Stealth
  3369 | D:4      | Reached skill level 4 in Slings
  3375 | D:4      | Reached *** piety under Trog
  3466 | D:4      | Found a white marble altar of Elyvilon.
  3737 | D:4      | Reached XP level 8. HP: 72/72 MP: 6/6
  4120 | D:5      | Entered Level 5 of the Dungeon
  4131 | D:5      | Found a transporter.
  4517 | D:5      | Reached skill level 5 in Slings
  4542 | D:5      | Found a bloodstained altar of Trog.
  4921 | D:5      | Reached skill level 5 in Armour
  4925 | D:5      | Found a transporter.
  4927 | D:5      | Found a shattered altar of Ashenzari.
  5073 | D:5      | Found a staircase to the Ecumenical Temple.
  5383 | D:6      | Reached skill level 1 in Axes
  5383 | D:6      | Reached skill level 1 in Polearms
  5383 | D:6      | Reached skill level 6 in Slings
  5983 | D:6      | Reached skill level 5 in Stealth
  5983 | D:6      | Gained mutation: You passively map the area around you. [Deep Dwarf growth]
  5983 | D:6      | Reached XP level 9. HP: 69/79 MP: 7/7
  7291 | D:7      | Reached **** piety under Trog
  7408 | D:7      | Received a gift from Trog
  7408 | D:7      | Reached skill level 1 in Shields
  7628 | D:7      | Found a shadowy altar of Dithmenos.
  7776 | D:7      | Reached skill level 7 in Slings
  7780 | D:7      | Reached skill level 5 in Fighting
  8449 | D:8      | Lost mutation: Your mind is very acute. (Int +4) [potion of mutation]
  8449 | D:8      | Lost mutation: Your mind is acute. (Int +2) [potion of mutation]
  8449 | D:8      | Gained mutation: You are somewhat resistant to further mutation. [potion of mutation]
  8449 | D:8      | Gained mutation: You are clumsy. (Dex -2) [potion of mutation]
  8449 | D:8      | Gained mutation: Scrolls take you a little longer to read. [potion of mutation]
  8517 | D:8      | Received a gift from Trog
  8576 | D:8      | Found an ancient bone altar of Kikubaaqudgha.
  8611 | D:8      | Noticed Pikel
  8764 | D:8      | Killed Pikel
  8764 | D:8      | Reached skill level 5 in Axes
  8769 | D:8      | Cast into level 1 of the Abyss (orc warrior)
  8797 | Abyss:1  | Noticed a thrashing horror
  8824 | Abyss:1  | Noticed a starcursed mass
  8830 | Abyss:1  | Noticed a wretched star
  8870 | Abyss:1  | Noticed a soul eater
  8962 | Abyss:1  | Slain by a soul eater

Skill      XL: |  1  2  3  4  5  6  7  8  9 |
---------------+----------------------------+-----
Fighting       | 3 4 5 |  5.4
Maces & Flails | 4 5 6 |  6.1
Throwing       | 1 |  1.4
Armour         | 3 4 5 6 |  6.2
Dodging        | 3 |  3.4
Slings         | 1 3 4 6 7 |  7.6
Stealth        | 2 5 |  5.6
Axes           | 1 5 |  5.4
Polearms       | 2 |  2.2
Shields        | 2 |  2.5

Action                   |  1- 3 |  4- 6 |  7- 9 || total
-------------------------+-------+-------+-------++-------
Melee: Mace              |    76 |   149 |    77 ||   302
       Hand axe          |       |       |   459 ||   459
       Trident           |       |       |    30 ||    30
       Dagger            |       |       |     4 ||     4
 Fire: Hunting sling     |       |    16 |   123 ||   139
Throw: Stone             |    64 |    51 |    20 ||   135
       Tomahawk          |       |       |    65 ||    65
Invok: Trog's Hand       |       |     4 |     6 ||    10
       Berserk           |       |     4 |     7 ||    11
       Burn Spellbooks   |       |       |     2 ||     2
       Brothers in Arms  |       |       |     2 ||     2
 Abil: Heal Wounds       |     2 |     6 |    27 ||    35
  Use: Potion            |     1 |     6 |     5 ||    12
       Scroll            |     2 |     9 |    16 ||    27
 Stab: Distracted        |       |       |     1 ||     1
  Eat: Chunk             |       |     8 |    16 ||    24
       Ration            |       |     1 |     4 ||     5
Armor: Animal skin       |     2 |       |       ||     2
       Leather armour    |     6 |       |       ||     6
       Ring mail         |    14 |    22 |       ||    36
       Scale mail        |       |    29 |       ||    29
       Chain mail        |       |       |    50 ||    50
       Plate armour      |       |       |   340 ||   340
Dodge: Dodged            |    58 |   108 |   212 ||   378
Block: Buckler           |       |       |    91 ||    91
